AoeStats
← Toxic_Lightning_Farts75

MegaRandom

509629254Analyzed
3v3 RM · 3d ago on Sep 27, 2026· 56m 40s· 6 players
Game mode
Random Map
Map size
Normal (6 player)
Population
200
Speed
Normal
Resources
Standard
Victory
Conquest
Starting age
Dark Age
Ending age
Imperial Age
RankedLock teamsTeams togetherTeam positionsShared explorationLock speedFull tech treeHidden civsTurbo modeCheats
Victory
Defeat
🇧🇷 Mongols · Brazil
691
+11
🇺🇸 Britons · United States
653
+12
🇺🇸 Wei · United States
616
+14
🇬🇧 Huns · United Kingdom
604
-28
🇲🇽 Chinese · Mexico
562
-12
🇪🇸 Lithuanians · Spain
559
-12
er_titi92
11:35 Feudal Age
12:32 Double-Bit Axe
13:26 Wheelbarrow
13:08 Horse Collar
17:05 Gold Mining
25:41 Castle Age
23:46 Stone Mining
25:47 Scale Barding Armor
25:43 Padded Archer Armor
25:33 Fletching
25:44 Scale Mail Armor
25:55 Forging
26:34 Bow Saw
31:22 Stone Shaft Mining
32:02 Hand Cart
35:25 Imperial Age
35:03 Herbal Medicine
34:57 Pikeman
35:17 Elite Skirmisher
36:11 Thumb Ring
36:26 Leather Archer Armor
36:06 Bodkin Arrow
39:01 Caravan
39:15 Guilds
41:37 Chemistry
40:48 Masonry
40:20 Treadmill Crane
41:29 Elite Leitis
42:10 Hill Forts
43:07 Halberdier
43:48 Squires
43:34 Arson
46:22 Architecture
MissAlucard
0:36 Loom
14:26 Feudal Age
15:06 Horse Collar
15:41 Double-Bit Axe
18:15 Town Watch
22:23 Castle Age
21:19 Stone Mining
21:21 Gold Mining
23:11 Wheelbarrow
23:04 Heavy Plow
26:33 Fletching
26:47 Padded Archer Armor
26:56 Thumb Ring
26:16 Elite Skirmisher
27:35 Bow Saw
28:54 Fortified Wall
28:59 Bodkin Arrow
29:20 Leather Archer Armor
30:16 Gold Shaft Mining
30:38 Great Wall
31:14 Ballistics
35:15 Imperial Age
36:06 Stone Shaft Mining
37:49 Elite Chu Ko Nu
40:13 Two-Man Saw
finlayflack
10:42 Feudal Age
11:27 Double-Bit Axe
19:35 Castle Age
30:57 Scale Barding Armor
32:44 Bow Saw
34:28 Chain Barding Armor
47:22 Bloodlines
47:14 Husbandry
50:34 Light Cavalry
DeflateDez4BRADY
3:45 Loom
11:15 Feudal Age
11:49 Double-Bit Axe
11:49 Horse Collar
12:49 Wheelbarrow
19:29 Castle Age
18:24 Stone Mining
18:27 Gold Mining
22:25 Hand Cart
22:27 Bow Saw
26:53 Gold Shaft Mining
28:45 Heavy Plow
32:29 Imperial Age
31:41 Tuntian
32:43 Fletching
33:00 Scale Barding Armor
35:15 Bodkin Arrow
35:32 Forging
34:46 Elite Tiger Cavalry
35:49 Conscription
35:34 Padded Archer Armor
35:56 Bloodlines
37:03 Thumb Ring
38:26 Crop Rotation
39:02 Chemistry
38:24 Ballistics
39:07 Husbandry
43:16 Iron Casting
42:41 Bracer
42:57 Leather Archer Armor
43:22 Parthian Tactics
44:42 Stone Shaft Mining
45:59 Ming Guang Armor
50:14 Blast Furnace
49:45 Ring Archer Armor
49:36 Chain Barding Armor
54:21 Spies/Treason
Canis
6:57 Loom
11:12 Feudal Age
11:20 Man-at-Arms
14:53 Wheelbarrow
14:15 Double-Bit Axe
20:43 Castle Age
18:56 Horse Collar
19:08 Gold Mining
20:00 Forging
22:51 Hand Cart
22:32 Town Watch
32:30 Husbandry
34:10 Heavy Plow
34:23 Bow Saw
34:38 Fletching
35:01 Bloodlines
37:53 Imperial Age
36:25 Ballistics
36:01 Murder Holes
38:17 Town Patrol
39:06 Gold Shaft Mining
38:29 Bodkin Arrow
38:42 Scale Barding Armor
39:06 Conscription
40:55 Elite Steppe Lancer
43:23 Siege Engineers
43:29 Masonry
43:13 Capped Ram
44:34 Hoardings
45:43 Elite Mangudai
49:12 Chemistry
48:16 Bracer
48:51 Iron Casting
48:39 Chain Barding Armor
48:46 Padded Archer Armor
54:13 Blast Furnace
53:30 Leather Archer Armor
56:24 Siege Ram
Toxic_Lightning_Farts75
12:55 Feudal Age
20:36 Castle Age
23:33 Double-Bit Axe
23:42 Stone Mining
23:37 Horse Collar
24:41 Wheelbarrow
27:20 Fletching
27:31 Padded Archer Armor
29:56 Hand Cart
29:57 Bodkin Arrow
29:41 Crossbowman
31:24 Leather Archer Armor
35:40 Husbandry
39:31 Imperial Age
37:46 Forging
37:37 Scale Mail Armor
37:43 Scale Barding Armor
38:03 Yeomen
38:25 Gold Mining
41:13 Chemistry
40:34 Ballistics
40:10 Murder Holes
40:49 Bracer
41:20 Ring Archer Armor
40:40 Cavalier
40:48 Elite Longbowman
46:02 Bow Saw
45:43 Town Watch
47:38 Caravan
Connection lost

Rejoining the realm…

Still unreachable

The connection could not be restored.

Session expired

The server has moved on; the page needs a fresh start.